 Dungeon Crawl Stone Soup version 0.29-a0-923-g6e406bff71 (webtiles) character file.

Game seed: 10483380650824111808

72 Sobieck the Magician (level 4, 0/31 HPs)
             Began as a Djinni Fire Elementalist on July 27, 2022.
             Slain by a gnoll
             ... wielding a +0 flail
              (1 damage)
             ... on level 3 of the Dungeon.
             The game lasted 00:03:41 (2410 turns).

Sobieck the Magician (Djinni Fire Elementalist)     Turns: 2410, Time: 00:03:41

Health: 0/31       AC:  9    Str:  7    XL:     4   Next: 48%
Gold:   68         EV: 12    Int: 18    God:
                   SH:  0    Dex: 14

rFire   + + .      SeeInvis .   d - +0 dagger {short}
rCold   x . .      Faith    .   (no shield)
rNeg    . . .      Spirit   .   s - +2 robe {Will+}
rPois   ∞          Reflect  .   (no helmet)
rElec   .          Harm     .   k - +0 cloak
rCorr   .          Rampage  .   (no gloves)
Will    +....                   (boots unavailable)
Stlth   ++........              c - amulet of regeneration {@e2}
HPRegen 0.90/turn               z - +4 ring of protection
MPRegen 0.00/turn               (no ring)

@: flying, very slightly contaminated
A: sickness immunity, fire resistance 2, cold vulnerability 1, float, innate
caster, HP casting, extra vitality 1
a: no special abilities


You were on level 3 of the Dungeon.
You visited 1 branch of the dungeon, and saw 4 of its levels.

You collected 68 gold pieces.


Innate Abilities, Weirdness & Mutations

You are immune to sickness and miasma.
You are immune to poison.
Your flesh is very heat resistant. (rF++)
You are vulnerable to cold. (rC-)
You float through the air rather than walking.
You learn spells naturally, not from books.
Your magical power is your life essence.
You have superior vitality. (+4 MHP)


   Skills:
 - Level 2.1 Dodging
 - Level 1.5 Stealth
 + Level 3.9 Spellcasting


You couldn't memorise any spells.
You knew the following spells:

 Your Spells              Type           Power      Damage    Failure   Level
a - Foxfire               Conj/Fire      68%        2x1d7     3%          1
b - Scorch                Fire           34%        2d6       4%          2
c - Conjure Flame         Conj/Fire      17%        6-21      9%          3
d - Inner Flame           Hex/Fire       17%        N/A       9%          3
e - Flame Wave            Conj/Fire      17%        2d7       30%         4
f - Slow                  Hex            68%        N/A       3%          1
Your spell library was empty.

Inventory:

Hand Weapons
 d - a +0 dagger (weapon) {short}
   (You found it on level 1 of the Dungeon)
 e - a +0 short sword {short}
   (You found it on level 1 of the Dungeon)
 h - a +0 dagger {short}
   (You took it off a kobold on level 1 of the Dungeon)
Missiles
 i - 22 stones {throwing}
 w - 5 poisoned darts {throwing}
Armour
 a - a +0 robe
 b - a +0 leather armour
   (You found it on level 1 of the Dungeon)
 k - a +0 cloak (worn)
   (You found it on level 2 of the Dungeon)
 n - a +0 ring mail
   (You found it on level 2 of the Dungeon)
 r - a +0 scale mail
   (You found it on level 2 of the Dungeon)
 s - a +2 robe of willpower (worn)
   (You took it off Jessica on level 2 of the Dungeon)
 y - a +0 ring mail
   (You found it on level 3 of the Dungeon)
Jewellery
 c - an amulet of regeneration (around neck) {@e2}
   (You found it on level 1 of the Dungeon)
 z - a +4 ring of protection (left hand)
   (You found it on level 3 of the Dungeon)
Scrolls
 f - a scroll of butterflies {unknown}
 g - 2 scrolls of teleportation {unknown}
 l - a scroll of vulnerability {unknown}
 m - 2 scrolls of identify {@r1}
 v - a scroll of brand weapon {unknown}
 A - a scroll of poison {unknown}
Potions
 j - a potion of brilliance
 o - a potion of attraction {unknown}
 p - a potion of invisibility {unknown}
 q - a potion of degeneration {unknown}
 t - a potion of curing {unknown}
 u - a potion of might {unknown}
 x - a potion of haste {unknown}
 B - a potion of lignification {unknown}

Dungeon Overview and Level Annotations

Branches:
Dungeon (4/15) Zot: 21590
 Temple: D:4-7

Altars:

#..........########
#..........'......#
#..........######.#
#..........# #.#
#..........# #.#
#..........######.##
###)................
#g#......####.#.##
#@go..............
###......####.#...
#......# #.).##
#......# #...#
#......# #...#
#......# #...#
#......####...#
########......+.)'...#
#......#......####...#


You could see 2 gnolls and an orc.


Message History

There is an open door here.
There is an open door here.
You reach down and open the door.
There is an open door here.
You reach down and open the door.
There is an open door here.
There is an open door here.
You reach down and open the door.
There is an open door here.
m - 3 scrolls labelled IPAGHA UTUCAPH (gained 1)
You reach down and open the door.
There is an open door here.
You now have 68 gold pieces (gained 8).
You reach down and open the door.
There is an open door here.
You reach down and open the door.
A kobold comes into view. It is wielding a +0 whip.
Danger!
You conjure some foxfire!
You conjure some foxfire!
The kobold shouts!
The foxfire hits the kobold.
You kill the kobold!
There is an open door here.
i - 22 stones {throwing} (gained 2)
You see here a +0 whip {mace}.
There is an open door here.
Done exploring.
Unknown command.
Unknown command.
Unknown command.
Unknown command.
Done exploring.
There is a stone staircase leading down here.
You fly downwards.
The gnoll shouts!
The kobold shouts!
The orc shouts!
The gnoll shouts!
The orc shouts!
You hear a shout!
There is a stone staircase leading up here.
Danger!
Unknown command.
Unknown command.
You conjure some foxfire!
The orc misses you.
The foxfire hits the orc but does no damage.
You conjure some foxfire!
The foxfire hits the orc.
The orc closely misses you.
You conjure some foxfire!
The foxfire hits the orc. x2
The orc barely misses you. x2; The foxfire hits the gnoll.
The orc closely misses you. The gnoll hits you but does no damage.
The foxfire hits the orc!
You kill the orc!
The gnoll closely misses you. The orc hits you but does no damage.
The orc misses you. The orc hits you but does no damage.
The gnoll closely misses you.
You fly upwards.
There is a stone staircase leading down here.
Unknown command.
Unknown command.
Casting: Foxfire (safe; 3% risk of failure)
Confirm with . or Enter, or press ? or * to list all spells.
Flames lash the gnoll.
The gnoll's fire resistance burns away.
The gnoll closely misses you. The gnoll hits you with a +0 flail.
Casting: Scorch (safe; 4% risk of failure)
Confirm with . or Enter, or press ? or * to list all spells.
Flames lash the orc.
The orc's fire resistance burns away.
The gnoll hits you with a +0 flail. The gnoll barely misses you.
Casting: Scorch (safe; 4% risk of failure)
Confirm with . or Enter, or press ? or * to list all spells.
Flames lash the orc.
You kill the orc!
The gnoll barely misses you. The gnoll closely misses you.
Casting: Scorch (safe; 4% risk of failure)
Confirm with . or Enter, or press ? or * to list all spells.
Flames lash the orc but do no damage.
The gnoll hits you with a +0 flail. x2
Casting: Scorch (safe; 4% risk of failure)
Confirm with . or Enter, or press ? or * to list all spells.
You miscast Scorch.
You are very lightly contaminated with residual magic.
Nothing appears to happen.
* * * LOW HITPOINT WARNING * * *
The gnoll is no longer more vulnerable to fire.
The gnoll closely misses you. The gnoll misses you.
Casting: Scorch (safe; 4% risk of failure)
Confirm with . or Enter, or press ? or * to list all spells.
Flames lash the gnoll.
The gnoll's fire resistance burns away.
* * * LOW HITPOINT WARNING * * *
The orc is no longer more vulnerable to fire.
The gnoll hits you with a +0 flail!
* * * LOW HITPOINT WARNING * * *
The gnoll hits you but does no damage.
Casting: Scorch (safe; 4% risk of failure)
Confirm with . or Enter, or press ? or * to list all spells.
Flames lash the gnoll.
The gnoll's fire resistance burns away.
* * * LOW HITPOINT WARNING * * *
The gnoll hits you but does no damage. The gnoll hits you with a +0 flail.
* * * LOW HITPOINT WARNING * * *
Unknown command.
As you read the scroll labelled IPAGHA UTUCAPH, it crumbles to dust.
It is a scroll of identify.
j - a potion of brilliance The gnoll closely misses you.
The gnoll hits you with a +0 flail.
You die...

Skill      XL: |  1  2 |
---------------+-------+-----
Spellcasting   | 3 |  3.9
Dodging        | |  2.1
Stealth        | |  1.5

Action                   |  1- 3 |  4- 6 || total
-------------------------+-------+-------++-------
 Cast: Foxfire           |    69 |    21 ||    90
       Scorch            |     4 |     6 ||    10
  Use: Scroll            |       |     1 ||     1
Armor: Robe              |     4 |     6 ||    10
Dodge: Dodged            |     9 |    15 ||    24

Levels and vault maps discovered:
D:1:      psy_arrival_fountain, layout_basic,
          ebering_ecumenical_altar_petrified, nrook_campfire
D:2:      layout_loops_ring, uniq_jessica
D:3:      layout_basic
D:4:      layout_basic, dilly_guarded_unrand_throatcut, uniq_natasha

Notes
Turn   | Place    | Note
-------+----------+-------------------------------------------
     0 | D:1      | Sobieck the Djinni Fire Elementalist began the quest for
                  | the Orb.
     0 | D:1      | Sobieck set off with the following spells memorised:
                  | Foxfire, Scorch, Conjure Flame, Inner Flame, Flame Wave.
     0 | D:1      | Reached XP level 1. HP: 15/15 MP: 0/0
   345 | D:1      | Reached XP level 2. HP: 20/21 MP: 0/0
   362 | D:1      | Found a faded altar of an unknown god.
   606 | D:1      | Reached skill level 3 in Spellcasting
   965 | D:2      | Reached XP level 3. HP: 24/25 MP: 0/0
   965 | D:2      | Learned a level 1 spell: Slow
  1540 | D:2      | Noticed Jessica
  1548 | D:2      | Killed Jessica
  1549 | D:2      | Reached XP level 4. HP: 11/31 MP: 0/0
  2408 | D:3      | HP: 7/31 [gnoll/+0 flail (7)]
  2409 | D:3      | HP: 1/31 [gnoll/+0 flail (5)]
  2410 | D:3      | Slain by a gnoll

Vanquished Creatures
  Jessica (D:2)
  A worm (D:2)
  A dart slug (D:1)
  2 orcs
  5 endoplasms
  2 giant cockroaches
  A goblin (D:2)
  3 hobgoblins
  5 kobolds
  2 quokkas (D:1)
  3 ball pythons
  5 bats
  4 frilled lizards
  3 rats
38 creatures vanquished.

Vanquished Creatures (others)
  141 foxfires
141 creatures vanquished.

Grand Total: 179 creatures vanquished

Table legend:
 A = Non-vault XP
 B = Vault XP
 C = Vault XP percentage of total XP
 D = Non-vault monster count
 E = Vault monster count
 F = Vault count percentage of total count
                 A         B        C        D         E       F
            +---------+---------+-------+---------+---------+-------
      Total |      66 |      37 |  35.9 |      37 |       1 |   2.6
            +---------+---------+-------+---------+---------+-------
        D:1 |      19 |       0 |   0.0 |      11 |       0 |   0.0
        D:2 |      28 |      37 |  56.9 |      16 |       1 |   5.9
        D:3 |      16 |       0 |   0.0 |       9 |       0 |   0.0
        D:4 |       3 |       0 |   0.0 |       1 |       0 |   0.0
            +---------+---------+-------+---------+---------+-------

Illustrated notes

Table legend:
 A = Kills in this place as a percentage of kills in entire the game.
 B = Kills by you in this place as a percentage of kills by you in the entire game.
 C = Kills by friends in this place as a percentage of kills by friends in the entire game.
 D = Other kills in this place as a percentage of other kills in the entire game.
 E = Experience gained in this place as a percentage of experience gained in the entire game.
 F = Experience gained in this place divided by the number of levels of this place that you have seen.
                   A       B       C       D       E      F
               +-------+-------+-------+-------+-------+----------------------
         Total | 100.0 | 100.0 |   N/A |   N/A | 100.0 |  25.8
       Dungeon | 100.0 | 100.0 |   N/A |   N/A | 100.0 |  25.8
               +-------+-------+-------+-------+-------+----------------------

Table legend: (Time is in decaauts)
 A = Elapsed time spent in this place.
 B = Non-inter-level travel time spent in this place.
 C = Inter-level travel time spent in this place.
 D = Time resting spent in this place.
 E = Time spent auto-exploring this place.
 F = Levels seen in this place.
 G = Mean time per level.
                   A        B        C        D        E       F      G
               +--------+--------+--------+--------+--------+-----+--------+
         Total |   2408 |   2332 |     76 |      0 |   2055 |   4 |  602.0 |
       Dungeon |   2408 |   2332 |     76 |      0 |   2055 |   4 |  602.0 |
               +--------+--------+--------+--------+--------+-----+--------+

Top non-repeatable levels by time:
     D:1: 856 daAuts
     D:3: 800 daAuts
     D:2: 746 daAuts
     D:4: 4 daAuts
